Map: Inside and Out

Players

Rob - Winner!

  • Race: Protoss Protoss
  • Spawn Location: 1:00

Galeforce

  • Race: Protoss Protoss
  • Spawn Location: 7:00

Event: DreamHack SC2 Masters 2022 Atlanta (Offline)

VOD

Have the link to the VOD?

Description

Time

  • Played on: Nov. 18, 2022, 1:44 p.m.
  • Length: 5:57

All games in this series

Show
View Real Time Build Order
Export as new Build Order

Rob Protoss - Winner!

Build Orders: 1 Gate Expand, Proxy Void Ray 

Get SALT Encoding   

  12  0:00  Probe  
  13  0:12  Probe  
  14  0:20  Pylon  
  14  0:24  Probe  
  15  0:38  Probe (Chrono Boost), Gateway  
  16  0:47  Probe (Chrono Boost)  
  17  0:50  Assimilator  
  17  0:52  Probe  
  18  1:04  Probe  
  19  1:20  Nexus  
  19  1:32  Cybernetics Core  
  19  1:33  Probe  
  20  1:43  Assimilator  
  20  1:45  Probe  
  21  1:48  Pylon  
  21  1:57  Probe  
  22  2:09  Probe (Chrono Boost)  
  22  2:10  Zealot (Chrono Boost)  
  25  2:21  Probe (Chrono Boost)  
  26  2:22  Stargate  
  26  2:26  Probe (Chrono Boost)  
  27  2:32  Stalker (Chrono Boost)  
  27  2:33  Probe  
  30  2:42  Probe  
  30  2:43  Warp Gate  
  31  2:45  Probe  
  31  2:48  Shield Battery  
  32  2:57  Probe  
  35  3:11  Shield Battery, Void Ray (Chrono Boost)  
  37  3:13  Probe  
  38  3:21  Forge  
  38  3:27  Shield Battery  
  38  3:32  Pylon  
  37  3:44  Probe  
  37  3:45  Void Ray (Chrono Boost), Probe  
  43  3:56  Probe  
  43  3:57  Probe  
  45  4:04  Gateway  
  45  4:09  Pylon  
  45  4:14  Photon Cannon, Pylon  
  45  4:24  Pylon  
  45  4:28  Gateway  
  48  4:34  Void Ray (Chrono Boost)  
  48  4:37  Photon Cannon  
  48  4:45  Photon Cannon  
  48  4:50  Zealot  
  46  5:13  Void Ray  
  49  5:27  Zealot  
  51  5:29  Gateway  
  51  5:30  Cybernetics Core  
  51  5:32  Gateway  
  51  5:36  Pylon  
  49  5:55  Zealot  
Show
View Real Time Build Order
Export as new Build Order

Galeforce Protoss 

Build Orders:  

Get SALT Encoding   

  12  0:00  Probe  
  13  0:12  Probe  
  14  0:17  Pylon  
  14  0:24  Probe (Chrono Boost)  
  16  0:37  Probe (Chrono Boost)  
  16  0:38  Gateway  
  16  0:41  Probe (Chrono Boost)  
  16  0:46  Assimilator  
  17  0:52  Probe (Chrono Boost)  
  18  1:00  Assimilator  
  18  1:04  Probe (Chrono Boost)  
  19  1:14  Probe (Chrono Boost)  
  19  1:16  Gateway  
  20  1:22  Probe  
  21  1:29  Cybernetics Core  
  21  1:38  Probe  
  22  1:44  Pylon  
  22  1:50  Probe  
  23  2:02  Gateway  
  23  2:06  Stalker  
  26  2:10  Warp Gate (Chrono Boost), Stalker  
  28  2:20  Pylon  
  27  2:38  Stalker  
  27  2:40  Stalker  
  27  2:41  Pylon  
  31  2:54  Stalker  
  33  3:00  Gateway  
  33  3:27  Pylon  
  33  3:44  Stalker x3  
  39  3:54  Pylon  
  39  3:56  Stalker  
  41  4:12  Stalker x3  
  41  4:14  Probe  
  46  4:32  Stalker  
  48  4:44  Stalker x2  
  46  5:07  Stalker x3  
  48  5:29  Stalker  
  48  5:31  Stalker x2  
  48  5:35  Stalker  
  56  5:43  Pylon  
Tags
 
Add a new tag
Caveats
  • Supply blocks, unpowered buildings, or Contaminate may cause inaccurate times.
  • Supply counts are checked every 10 seconds.